Blackhawks vs Flames

Created - 3 novembre 2017 at 17:40

Goals
1 2 3 OT1 SO T
Blackhawks 0 1 1 0 1 2
Flames 1 1 0 0 2 3
Shots
1 2 3 OT1 SO T
Blackhawks 10 11 6 1 5 28
Flames 11 18 12 0 5 41

1st period

1. Flames , Brad Richardson 3 (Michael Frolik 6, Patrick Sharp 2) at 11:34

Penalties :
Andrew Shaw (CHI) for Hooking (Minor) at 15:26

2nd period

2. Flames , Tanner Kero 1 (Victor Hedman 2) at 6:04
3. Blackhawks , Andrew Shaw 5 (Henrik Zetterberg 5, Zach Parise 4) at 6:10

Penalties :
Chris Kunitz (CHI) for Interference (Minor) at 7:49

3rd period

4. Blackhawks , Andrew Shaw 6 (Zach Parise 5, Niklas Hjalmarsson 5) at 4:50

Penalties :
Chris Kunitz (CHI) for Tripping (Minor) at 7:23, Brandon Manning (CAL) for Boarding (Minor) at 12:51

Overtime #1

No Goal

Penalties :
No Penalty

Shootout

Penalty Shot by Henrik Zetterberg for Blackhawks - Stopped by Curtis McElhinney
Penalty Shot by Nick Bjugstad for Flames - Stopped by Frederik Andersen
Penalty Shot by Zach Parise for Blackhawks - Goal!
Penalty Shot by Sam Reinhart for Flames - Goal!
Penalty Shot by Andrew Shaw for Blackhawks - Stopped by Curtis McElhinney
Penalty Shot by Patrick Eaves for Flames - Stopped by Frederik Andersen
Penalty Shot by Carl Hagelin for Blackhawks - Stopped by Curtis McElhinney
Penalty Shot by David Perron for Flames - Stopped by Frederik Andersen
Penalty Shot by Chris Kunitz for Blackhawks - Shot Misses the Net
Penalty Shot by Jeff Carter for Flames - Goal!

Penalties :
No Penalty

Goalie Stats

Frederik Andersen (CHI), 39 saves from 41 shots - (0,951), OTL, 4-4-3, 65:00 minutes
Curtis McElhinney (CAL), 26 saves from 28 shots - (0,929), W, 4-0-0, 65:00 minutes

Players Stats for Blackhawks

Player Name              G  A  P  +/- PIM S  H  SB GA TA FO     MP     PP MP  PK MP  
------------------------------------------------------------------------------------
Andrei Markov            0  0  0   1  0   1  2  2  0  1  0/0    29:13   1:11   3:20 
Andrew Shaw              2  0  2   2  2   2  0  1  0  0  0/1    20:18   1:06   0:58 
Andy Greene              0  0  0  -1  0   0  3  1  0  0  0/0    19:58   0:48   2:37 
Brandon Davidson         0  0  0   0  0   1  1  0  0  0  0/0    12:42   0:00   0:00 
Brett Connolly           0  0  0  -1  0   0  0  0  0  0  0/0    13:29   0:00   0:14 
Brock McGinn             0  0  0  -1  0   0  0  0  0  0  0/0     5:13   0:00   0:00 
Carl Hagelin             0  0  0   0  0   2  0  3  1  2  0/1    20:12   0:53   1:35 
Chris Kunitz             0  0  0  -1  4   4  1  1  0  1  0/0    16:24   0:00   0:17 
Derek Forbort            0  0  0   0  0   1  1  0  0  0  0/0    12:42   0:00   0:00 
Henrik Zetterberg        0  1  1   0  0   6  2  0  1  0  22/31  27:48   1:06   3:37 
Johan Larsson            0  0  0  -1  0   3  2  0  0  0  3/6    15:04   0:00   1:17 
Niklas Hjalmarsson       0  1  1  -1  0   0  2  4  0  1  0/0    21:25   0:48   2:37 
Ryan Ellis               0  0  0   1  0   1  4  2  0  1  0/0    29:00   1:11   3:20 
Sven Andrighetto         0  0  0   0  0   2  1  0  0  0  0/0    16:40   0:53   0:00 
Tanner Glass             0  0  0   1  0   0  0  0  0  0  1/3     2:34   0:00   0:00 
Vladislav Namestnikov    0  0  0   0  0   2  0  0  1  0  8/16   17:52   0:53   0:13 
Yanni Gourde             0  0  0  -1  0   1  2  0  0  0  1/4     5:13   0:00   0:00 
Zach Parise              0  2  2   2  0   2  0  0  1  1  1/3    23:13   1:06   3:43 

Players Stats for Flames

Player Name              G  A  P  +/- PIM S  H  SB GA TA FO     MP     PP MP  PK MP  
------------------------------------------------------------------------------------
Anders Lee               0  0  0  -1  0   0  1  0  1  0  0/1    22:08   3:01   0:00 
Andrej Sustr             0  0  0   0  0   0  1  2  0  0  0/0    19:29   3:01   1:03 
Brad Richardson          1  0  1   1  0   1  2  0  0  0  4/6    13:22   0:07   0:59 
Brandon Manning          0  0  0  -1  2   0  2  0  0  0  0/0    15:17   0:00   0:00 
David Perron             0  0  0  -1  0   1  3  0  0  0  1/2    18:40   2:49   0:29 
David Savard             0  0  0   1  0   1  2  0  0  1  0/0    25:23   3:01   1:03 
Drew Doughty             0  0  0   1  0   3  1  0  1  2  0/0    27:37   2:56   0:56 
Jeff Carter              0  0  0  -1  0   9  1  0  1  0  14/31  22:19   3:08   0:00 
Kevan Miller             0  0  0  -1  0   1  2  0  0  1  0/0    15:44   0:00   0:56 
Michael Frolik           0  1  1   1  0   4  1  2  1  0  0/0    15:05   0:07   1:03 
Nick Bjugstad            0  0  0   1  0   0  0  0  0  0  0/0     7:23   0:00   0:00 
Patrick Eaves            0  0  0  -1  0   7  1  1  0  0  0/0    17:55   2:49   0:00 
Patrick Sharp            0  1  1   1  0   2  0  1  1  0  0/1    13:10   0:00   0:24 
Pavel Zacha              0  0  0   1  0   1  0  0  0  0  0/0     8:02   0:00   0:39 
Sam Reinhart             0  0  0  -1  0   0  0  0  1  0  2/2    21:56   3:01   0:00 
Tanner Kero              1  0  1   1  0   3  0  0  0  0  2/2     8:17   0:00   0:24 
Victor Hedman            0  1  1   0  0   1  3  1  0  0  0/0    21:59   2:56   0:00 
Victor Rask              0  0  0  -1  0   7  2  0  1  0  6/20   19:14   2:49   0:00 

3 Stars

1 - Andrew Shaw (CHI)
2 - Frederik Andersen (CHI)
3 - Brad Richardson (CAL)

Power Play

Blackhawks - 0 on 1 Attempt(s) - 0,00%
Flames - 0 on 3 Attempt(s) - 0,00%

Penalty Kill

Blackhawks - 3 on 3 Attempt(s) - 100,00% - Score 0 goal in Penalty Kill
Flames - 1 on 1 Attempt(s) - 100,00% - Score 0 goal in Penalty Kill

Team Stat

Blackhawks - Hits : 21 - Faceoff Wins : 36 - Blocked Shots : 14 - Penalty Minutes : 6
Flames - Hits : 22 - Faceoff Wins : 29 - Blocked Shots : 7 - Penalty Minutes : 2

Official

Referees : Gord Dwyer and Chris Rooney
Linesman : Ryan Gibbons and Brad Kovachik

Game Notes

No Game Note

Finance

Level 1 -- Attendance: 5233 (87,22%) -- Ticket Income 523 300 $
Level 2 -- Attendance: 4766 (95,32%) -- Ticket Income 285 960 $
Level 3 -- Attendance: 2000 (100,00%) -- Ticket Income 70 000 $
Level 4 -- Attendance: 3741 (93,53%) -- Ticket Income 74 820 $
Luxury Box -- Attendance: 789 (78,90%) -- Ticket Income 157 800 $
Game was played at the Ghost Rider Center.
Total Attendance: 16529 (91,83%)
Total Ticket Income: 1 111 880 $
Other Income: 544 821 $
Total Income: 1 656 701 $

Blackhawks

5 vs 5 Forward 
   Center                   Left Wing                Right Wing               Time % Phy DF OF 
 1 Henrik Zetterberg        Zach Parise              Andrew Shaw              40     1   2  2  
 2 Vladislav Namestnikov    Carl Hagelin             Sven Andrighetto         30     1   2  2  
 3 Johan Larsson            Chris Kunitz             Brett Connolly           20     1   2  2  
 4 Yanni Gourde             Brock McGinn             Henrik Zetterberg        10     1   2  2  

5 vs 5 Defense 
   Defense                  Defense                                           Time % Phy DF OF 
 1 Andrei Markov            Ryan Ellis                                        40     1   2  2  
 2 Niklas Hjalmarsson       Andy Greene                                       30     1   2  2  
 3 Derek Forbort            Brandon Davidson                                  20     1   2  2  
 4 Andrei Markov            Ryan Ellis                                        10     1   2  2  

PowerPlay Forward 
   Center                   Left Wing                Right Wing               Time % Phy DF OF 
 1 Henrik Zetterberg        Zach Parise              Andrew Shaw              60     1   2  2  
 2 Vladislav Namestnikov    Carl Hagelin             Sven Andrighetto         40     1   2  2  

PowerPlay Defense
   Defense                  Defense                                           Time % Phy DF OF 
 1 Andrei Markov            Ryan Ellis                                        60     1   2  2  
 2 Niklas Hjalmarsson       Andy Greene                                       40     1   2  2  

Penalty Kill 4 Players Forward 
   Center                   Wing                     Time % Phy DF OF 
 1 Henrik Zetterberg        Zach Parise              60     1   2  2  
 2 Andrew Shaw              Carl Hagelin             40     1   2  2  

Penalty Kill 4 Players Defense
   Defense                  Defense                  Time % Phy DF OF 
 1 Andrei Markov            Ryan Ellis               60     1   2  2  
 2 Niklas Hjalmarsson       Andy Greene              40     1   2  2  

Penalty Kill - 3 Players Forward 
   Forward                                           Time % Phy DF OF 
 1 Henrik Zetterberg                                 60     1   2  2  
 2 Zach Parise                                       40     1   2  2  

Penalty Kill - 3 Players Defense
   Defense                  Defense                  Time % Phy DF OF 
 1 Andrei Markov            Ryan Ellis               60     1   2  2  
 2 Niklas Hjalmarsson       Andy Greene              40     1   2  2  

4 vs 4 Forward 
   Center                   Wing                     Time % Phy DF OF 
 1 Henrik Zetterberg        Zach Parise              60     1   2  2  
 2 Andrew Shaw              Carl Hagelin             40     1   2  2  

4 vs 4 Defense
   Defense                  Defense                  Time % Phy DF OF 
 1 Andrei Markov            Ryan Ellis               60     1   2  2  
 2 Niklas Hjalmarsson       Andy Greene              40     1   2  2  

Last Minutes Offensive
   Center                   Left Wing                Right Wing               Defense                  Defense                  
   Henrik Zetterberg        Zach Parise              Andrew Shaw              Andrei Markov            Ryan Ellis               

Last Minutes Defensive
   Center                   Left Wing                Right Wing               Defense                  Defense                  
   Henrik Zetterberg        Zach Parise              Andrew Shaw              Andrei Markov            Ryan Ellis               

Goaltenders
Starting : Frederik Andersen        
Backup : Mike Condon              

Extra Forwards
Normal : Tanner Glass, Chris Kunitz, Johan Larsson - PP : Tanner Glass, Chris Kunitz - PK : Johan Larsson
Extra Defensemen
Normal : Derek Forbort, Brandon Davidson, Niklas Hjalmarsson - PP : Derek Forbort - PK : Brandon Davidson, Niklas Hjalmarsson
Penalty Shots
Henrik Zetterberg, Zach Parise, Andrew Shaw, Carl Hagelin, Chris Kunitz
Custom OT Lines Forwards
Henrik Zetterberg, Zach Parise, Andrew Shaw, Carl Hagelin, Chris Kunitz, Vladislav Namestnikov, Sven Andrighetto, Johan Larsson, Yanni Gourde, Brett Connolly
Custom OT Lines Defensemen
Andrei Markov, Ryan Ellis, Niklas Hjalmarsson, Andy Greene, Derek Forbort

Scratches
Alexander Steen (Healthy), Eric Staal (Healthy), Tyler Randell (Healthy), Alex Belzile (Healthy), Morgan Ellis (Healthy)

Flames

5 vs 5 Forward 
   Center                   Left Wing                Right Wing               Time % Phy DF OF 
 1 Jeff Carter              Anders Lee               Sam Reinhart             35     0   1  4  
 2 Victor Rask              Patrick Eaves            David Perron             31     0   2  3  
 3 Brad Richardson          Patrick Sharp            Michael Frolik           27     0   2  3  
 4 Tanner Kero              Pavel Zacha              Nick Bjugstad            7      1   3  1  

5 vs 5 Defense 
   Defense                  Defense                                           Time % Phy DF OF 
 1 Drew Doughty             David Savard                                      38     0   3  2  
 2 Victor Hedman            Andrej Sustr                                      30     0   3  2  
 3 Kevan Miller             Brandon Manning                                   27     0   4  1  
 4 Drew Doughty             Victor Hedman                                     5      0   2  3  

PowerPlay Forward 
   Center                   Left Wing                Right Wing               Time % Phy DF OF 
 1 Jeff Carter              Anders Lee               Sam Reinhart             60     0   0  5  
 2 Victor Rask              Patrick Eaves            David Perron             40     0   0  5  

PowerPlay Defense
   Defense                  Defense                                           Time % Phy DF OF 
 1 Victor Hedman            Drew Doughty                                      65     0   1  4  
 2 Andrej Sustr             David Savard                                      35     0   1  4  

Penalty Kill 4 Players Forward 
   Center                   Wing                     Time % Phy DF OF 
 1 Brad Richardson          Michael Frolik           60     0   4  1  
 2 Tanner Kero              Patrick Sharp            40     0   4  1  

Penalty Kill 4 Players Defense
   Defense                  Defense                  Time % Phy DF OF 
 1 David Savard             Andrej Sustr             60     1   4  0  
 2 Kevan Miller             Drew Doughty             40     1   4  0  

Penalty Kill - 3 Players Forward 
   Forward                                           Time % Phy DF OF 
 1 Brad Richardson                                   60     0   5  0  
 2 Michael Frolik                                    40     0   5  0  

Penalty Kill - 3 Players Defense
   Defense                  Defense                  Time % Phy DF OF 
 1 Andrej Sustr             David Savard             60     0   5  0  
 2 Drew Doughty             Kevan Miller             40     0   5  0  

4 vs 4 Forward 
   Center                   Wing                     Time % Phy DF OF 
 1 Jeff Carter              Anders Lee               60     0   1  4  
 2 Victor Rask              Michael Frolik           40     0   1  4  

4 vs 4 Defense
   Defense                  Defense                  Time % Phy DF OF 
 1 Drew Doughty             Victor Hedman            60     0   3  2  
 2 Andrej Sustr             David Savard             40     0   3  2  

Last Minutes Offensive
   Center                   Left Wing                Right Wing               Defense                  Defense                  
   Jeff Carter              Anders Lee               Patrick Eaves            Drew Doughty             Victor Hedman            

Last Minutes Defensive
   Center                   Left Wing                Right Wing               Defense                  Defense                  
   Brad Richardson          Tanner Kero              Michael Frolik           Andrej Sustr             David Savard             

Goaltenders
Starting : Curtis McElhinney        
Backup : Carey Price              

Extra Forwards
Normal : Jeff Carter, David Perron, Patrick Eaves - PP : Patrick Eaves, Michael Frolik - PK : David Perron
Extra Defensemen
Normal : Drew Doughty, Victor Hedman, David Savard - PP : Andrej Sustr - PK : Brandon Manning, Victor Hedman
Penalty Shots
Nick Bjugstad, Sam Reinhart, Patrick Eaves, David Perron, Jeff Carter
Custom OT Lines Forwards
Jeff Carter, Anders Lee, Sam Reinhart, Michael Frolik, Victor Rask, David Perron, Patrick Eaves, Brad Richardson, Patrick Sharp, Nick Bjugstad
Custom OT Lines Defensemen
Drew Doughty, Victor Hedman, David Savard, Andrej Sustr, Kevan Miller

Scratches
Dennis Rasmussen (Healthy), Matt Bartkowski (Healthy)

% Time on Ice - Blackhawks

Lines # - Real PCT - Wanted PCT - Time Play
Normal Forward
1 - 33% - 40% - 17:23
2 - 31% - 30% - 16:23
3 - 25% - 20% - 13:05
4 - 10% - 10% - 5:13
Normal Defense
1 - 38% - 40% - 19:57
2 - 32% - 30% - 16:33
3 - 24% - 20% - 12:42
4 - 6% - 10% - 2:52
PP Forward
1 - 55% - 60% - 1:06
2 - 45% - 40% - 0:53
PP Defense
1 - 60% - 60% - 1:11
2 - 40% - 40% - 0:48
PK Forward
1 - 73% - 60% - 4:22
2 - 27% - 40% - 1:35
PK Defense
1 - 56% - 60% - 3:20
2 - 44% - 40% - 2:37
PK3 Forward
1 - 0% - 60%
2 - 0% - 40%
PK3 Defense
1 - 0% - 60%
2 - 0% - 40%
44 Forward
1 - 0% - 60%
2 - 0% - 40%
44 Defense
1 - 0% - 60%
2 - 0% - 40%
Last Minute Offensive  - 0:00
Last Minute Defensive  - 0:00
Total
Forward - 60:00
Defense - 60:00

% Time on Ice - Flames

Lines # - Real PCT - Wanted PCT - Time Play
Normal Forward
1 - 33% - 35% - 17:10
2 - 29% - 31% - 15:15
3 - 24% - 27% - 12:16
4 - 14% - 7% - 7:23
Normal Defense
1 - 38% - 38% - 19:46
2 - 28% - 30% - 14:47
3 - 28% - 27% - 14:48
4 - 5% - 5% - 2:43
PP Forward
1 - 53% - 60% - 3:08
2 - 47% - 40% - 2:49
PP Defense
1 - 49% - 65% - 2:56
2 - 51% - 35% - 3:01
PK Forward
1 - 80% - 60% - 1:35
2 - 20% - 40% - 0:24
PK Defense
1 - 53% - 60% - 1:03
2 - 47% - 40% - 0:56
PK3 Forward
1 - 0% - 60%
2 - 0% - 40%
PK3 Defense
1 - 0% - 60%
2 - 0% - 40%
44 Forward
1 - 0% - 60%
2 - 0% - 40%
44 Defense
1 - 0% - 60%
2 - 0% - 40%
Last Minute Offensive  - 0:00
Last Minute Defensive  - 0:00
Total
Forward - 60:00
Defense - 60:00

Play by Play

1st period


0:01 of 1st period - Henrik Zetterberg wins face-off versus Jeff Carter in neutral zone.
0:59 of 1st period - Snap shot by Patrick Sharp.
0:59 of 1st period - Stopped by Frederik Andersen with a rebound.
2:07 of 1st period - Wrist shot by Michael Frolik.
2:07 of 1st period - Shot Misses the Net.
2:09 of 1st period - Wrist shot by Michael Frolik.
2:09 of 1st period - Stopped by Frederik Andersen without a rebound.
2:10 of 1st period - Victor Rask wins face-off versus Yanni Gourde in Blackhawks zone.
2:15 of 1st period - Snap shot by Patrick Eaves.
2:15 of 1st period - Stopped by Frederik Andersen without a rebound.
2:16 of 1st period - Yanni Gourde wins face-off versus Victor Rask in Blackhawks zone.
3:11 of 1st period - Snap shot by Jeff Carter.
3:11 of 1st period - Shot Misses the Net.
3:41 of 1st period - Patrick Eaves is hit by Yanni Gourde and loses puck.
3:56 of 1st period - Wrist shot by Vladislav Namestnikov.
3:56 of 1st period - Stopped by Curtis McElhinney without a rebound.
3:57 of 1st period - Vladislav Namestnikov wins face-off versus Patrick Sharp in Flames zone.
4:24 of 1st period - Brandon Manning is hit by Brandon Davidson and loses puck.
4:31 of 1st period - Snap shot by Henrik Zetterberg.
4:31 of 1st period - Stopped by Curtis McElhinney without a rebound.
4:32 of 1st period - Henrik Zetterberg wins face-off versus Victor Rask in Flames zone.
4:41 of 1st period - Snap shot by Patrick Eaves.
4:41 of 1st period - Stopped by Frederik Andersen with a rebound.
4:43 of 1st period - Wrist shot by David Perron.
4:43 of 1st period - Shot Misses the Net.
5:16 of 1st period - Zach Parise is hit by Victor Hedman and loses puck.
6:13 of 1st period - Snap shot by Henrik Zetterberg.
6:13 of 1st period - Stopped by Curtis McElhinney with a rebound.
6:19 of 1st period - Slapshot by Henrik Zetterberg.
6:19 of 1st period - Stopped by Curtis McElhinney without a rebound.
6:20 of 1st period - Jeff Carter wins face-off versus Vladislav Namestnikov in Flames zone.
6:31 of 1st period - Snap shot by Anders Lee.
6:31 of 1st period - Shot Misses the Net.
6:45 of 1st period - Ryan Ellis is hit by Drew Doughty and loses puck.
6:52 of 1st period - Wrist shot by Patrick Eaves.
6:52 of 1st period - Stopped by Frederik Andersen without a rebound.
6:53 of 1st period - Vladislav Namestnikov wins face-off versus Victor Rask in Blackhawks zone.
7:18 of 1st period - David Perron is hit by Johan Larsson and loses puck.
7:37 of 1st period - Ryan Ellis is hit by Jeff Carter and loses puck.
7:44 of 1st period - Snap shot by Jeff Carter.
7:44 of 1st period - Stopped by Frederik Andersen with a rebound.
7:46 of 1st period - Slapshot by Andrej Sustr.
7:46 of 1st period - Shot Blocked by Ryan Ellis.
7:48 of 1st period - Slapshot by Victor Hedman.
7:48 of 1st period - Deflect By Ryan Ellis.
7:48 of 1st period - Stopped by Frederik Andersen without a rebound.
7:49 of 1st period - Brad Richardson wins face-off versus Johan Larsson in Blackhawks zone.
8:02 of 1st period - Brad Richardson is hit by Chris Kunitz and loses puck.
8:15 of 1st period - Patrick Sharp is hit by Yanni Gourde and loses puck.
8:42 of 1st period - Wrist shot by Brad Richardson.
8:42 of 1st period - Deflect By Michael Frolik.
8:42 of 1st period - Shot Blocked by Ryan Ellis.
8:42 of 1st period - Puck is out of play.
8:43 of 1st period - Johan Larsson wins face-off versus Jeff Carter in Blackhawks zone.
9:10 of 1st period - Niklas Hjalmarsson is hit by David Perron and loses puck.
9:32 of 1st period - Slapshot by Yanni Gourde.
9:32 of 1st period - Shot Misses the Net.
10:12 of 1st period - Snap shot by Vladislav Namestnikov.
10:12 of 1st period - Deflect By David Perron.
10:12 of 1st period - Stopped by Curtis McElhinney with a rebound.
10:30 of 1st period - Zach Parise is hit by Brad Richardson and loses puck.
11:32 of 1st period - Wrist shot by Michael Frolik.
11:32 of 1st period - Shot Blocked by Andy Greene.
11:34 of 1st period - Wrist shot by Brad Richardson.
11:34 of 1st period - Goal by Brad Richardson - Blackhawks : 0 - Flames : 1.
11:35 of 1st period - Jeff Carter wins face-off versus Vladislav Namestnikov in neutral zone.
11:42 of 1st period - Snap shot by Jeff Carter.
11:42 of 1st period - Stopped by Frederik Andersen without a rebound.
11:43 of 1st period - Vladislav Namestnikov wins face-off versus Jeff Carter in Blackhawks zone.
12:12 of 1st period - Snap shot by Andrew Shaw.
12:12 of 1st period - Shot Misses the Net.
12:17 of 1st period - Off-side.
12:18 of 1st period - Henrik Zetterberg wins face-off versus Victor Rask in neutral zone.
12:21 of 1st period - Victor Rask is hit by Niklas Hjalmarsson and loses puck.
13:08 of 1st period - Wrist shot by Johan Larsson.
13:08 of 1st period - Shot Misses the Net.
13:10 of 1st period - Slapshot by Johan Larsson.
13:10 of 1st period - Stopped by Curtis McElhinney without a rebound.
13:11 of 1st period - Johan Larsson wins face-off versus Victor Rask in Flames zone.
13:12 of 1st period - Slapshot by Brett Connolly.
13:12 of 1st period - Shot Misses the Net.
13:27 of 1st period - Off-side.
13:28 of 1st period - Henrik Zetterberg wins face-off versus Jeff Carter in neutral zone.
13:53 of 1st period - Andrew Shaw is hit by Victor Rask.
14:01 of 1st period - Andrei Markov is hit by David Savard and loses puck.
14:20 of 1st period - Snap shot by Henrik Zetterberg.
14:20 of 1st period - Stopped by Curtis McElhinney without a rebound.
14:21 of 1st period - Brad Richardson wins face-off versus Vladislav Namestnikov in Flames zone.
14:34 of 1st period - Slapshot by Sven Andrighetto.
14:34 of 1st period - Stopped by Curtis McElhinney without a rebound.
14:35 of 1st period - Vladislav Namestnikov wins face-off versus Jeff Carter in Flames zone.
14:38 of 1st period - Snap shot by Carl Hagelin.
14:38 of 1st period - Stopped by Curtis McElhinney without a rebound.
14:39 of 1st period - Jeff Carter wins face-off versus Vladislav Namestnikov in Flames zone.
14:39 of 1st period - Jeff Carter is hit by Sven Andrighetto.
15:06 of 1st period - Backhand shot by Jeff Carter.
15:06 of 1st period - Stopped by Frederik Andersen with a rebound.
15:08 of 1st period - Backhand shot by Victor Hedman.
15:08 of 1st period - Deflect By Patrick Sharp.
15:08 of 1st period - Shot Hit the Post.
15:08 of 1st period - Puck is out of play.
15:09 of 1st period - Henrik Zetterberg wins face-off versus Brad Richardson in Blackhawks zone.
15:26 of 1st period - Minor Penalty to Andrew Shaw for Hooking.
15:27 of 1st period - Jeff Carter wins face-off versus Zach Parise in Blackhawks zone.
15:53 of 1st period - Zach Parise is hit by Patrick Eaves and loses puck.
16:29 of 1st period - Slapshot by Johan Larsson.
16:29 of 1st period - Stopped by Curtis McElhinney with a rebound.
17:26 of 1st period - Penalty to Andrew Shaw is over, Andrew Shaw is back on ice.
17:35 of 1st period - Snap shot by Tanner Kero.
17:35 of 1st period - Shot Blocked by Chris Kunitz.
17:37 of 1st period - Slapshot by Kevan Miller.
17:37 of 1st period - Stopped by Frederik Andersen with a rebound.
17:39 of 1st period - Slapshot by Tanner Kero.
17:39 of 1st period - Shot Misses the Net.
17:51 of 1st period - Wrist shot by Vladislav Namestnikov.
17:51 of 1st period - Shot Misses the Net.
19:51 of 1st period - Brett Connolly is hit by Brandon Manning and loses puck.
Goals for this period are 0 for Blackhawks vs 1 for Flames.
Shots for this period are 10 for Blackhawks vs 11 for Flames.

2nd period


0:01 of 2nd period - Jeff Carter wins face-off versus Henrik Zetterberg in neutral zone.
0:26 of 2nd period - Sam Reinhart is hit by Ryan Ellis.
0:32 of 2nd period - Snap shot by Brett Connolly.
0:32 of 2nd period - Shot Misses the Net.
0:34 of 2nd period - Slapshot by Johan Larsson.
0:34 of 2nd period - Stopped by Curtis McElhinney without a rebound.
0:35 of 2nd period - Henrik Zetterberg wins face-off versus Victor Rask in Flames zone.
0:36 of 2nd period - Wrist shot by Zach Parise.
0:36 of 2nd period - Shot Misses the Net.
0:48 of 2nd period - Snap shot by Victor Rask.
0:48 of 2nd period - Stopped by Frederik Andersen without a rebound.
0:49 of 2nd period - Victor Rask wins face-off versus Henrik Zetterberg in Blackhawks zone.
2:18 of 2nd period - Wrist shot by Carl Hagelin.
2:18 of 2nd period - Shot Misses the Net.
2:20 of 2nd period - Snap shot by Vladislav Namestnikov.
2:20 of 2nd period - Shot Misses the Net.
2:30 of 2nd period - Snap shot by Chris Kunitz.
2:30 of 2nd period - Deflect By Victor Hedman.
2:30 of 2nd period - Stopped by Curtis McElhinney without a rebound.
2:31 of 2nd period - Johan Larsson wins face-off versus Jeff Carter in Flames zone.
2:32 of 2nd period - Wrist shot by Chris Kunitz.
2:32 of 2nd period - Stopped by Curtis McElhinney without a rebound.
2:33 of 2nd period - Jeff Carter wins face-off versus Johan Larsson in Flames zone.
2:40 of 2nd period - Snap shot by Jeff Carter.
2:40 of 2nd period - Stopped by Frederik Andersen without a rebound.
2:41 of 2nd period - Henrik Zetterberg wins face-off versus Jeff Carter in Blackhawks zone.
2:41 of 2nd period - Zach Parise is hit by Anders Lee and loses puck.
3:15 of 2nd period - Wrist shot by Patrick Eaves.
3:15 of 2nd period - Stopped by Frederik Andersen with a rebound.
3:58 of 2nd period - Snap shot by Patrick Sharp.
3:58 of 2nd period - Stopped by Frederik Andersen with a rebound.
4:46 of 2nd period - Wrist shot by Michael Frolik.
4:46 of 2nd period - Shot Hit the Post.
4:48 of 2nd period - Wrist shot by Michael Frolik.
4:48 of 2nd period - Stopped by Frederik Andersen with a rebound.
4:50 of 2nd period - Wrist shot by Patrick Sharp.
4:50 of 2nd period - Shot Misses the Net.
4:54 of 2nd period - Wrist shot by Michael Frolik.
4:54 of 2nd period - Stopped by Frederik Andersen without a rebound.
4:55 of 2nd period - Zach Parise wins face-off versus Jeff Carter in Blackhawks zone.
5:30 of 2nd period - Snap shot by Victor Rask.
5:30 of 2nd period - Stopped by Frederik Andersen with a rebound.
5:42 of 2nd period - Snap shot by Pavel Zacha.
5:42 of 2nd period - Stopped by Frederik Andersen without a rebound.
5:43 of 2nd period - Tanner Kero wins face-off versus Yanni Gourde in Blackhawks zone.
5:46 of 2nd period - Wrist shot by Tanner Kero.
5:46 of 2nd period - Stopped by Frederik Andersen with a rebound.
6:00 of 2nd period - Snap shot by Tanner Kero.
6:00 of 2nd period - Shot Blocked by Niklas Hjalmarsson.
6:02 of 2nd period - Snap shot by Tanner Kero.
6:02 of 2nd period - Shot Blocked by Niklas Hjalmarsson.
6:04 of 2nd period - Wrist shot by Tanner Kero.
6:04 of 2nd period - Goal by Tanner Kero - Blackhawks : 0 - Flames : 2.
6:05 of 2nd period - Henrik Zetterberg wins face-off versus Jeff Carter in neutral zone.
6:10 of 2nd period - Wrist shot by Andrew Shaw.
6:10 of 2nd period - Goal by Andrew Shaw - Blackhawks : 1 - Flames : 2.
6:11 of 2nd period - Henrik Zetterberg wins face-off versus Anders Lee in neutral zone.
6:57 of 2nd period - Icing by Brandon Manning.
6:58 of 2nd period - Vladislav Namestnikov wins face-off versus Jeff Carter in Flames zone.
7:07 of 2nd period - Slapshot by Andrei Markov.
7:07 of 2nd period - Stopped by Curtis McElhinney with a rebound.
7:09 of 2nd period - Wrist shot by Henrik Zetterberg.
7:09 of 2nd period - Shot Misses the Net.
7:49 of 2nd period - Minor Penalty to Chris Kunitz for Interference.
7:50 of 2nd period - Victor Rask wins face-off versus Henrik Zetterberg in Blackhawks zone.
7:57 of 2nd period - Off-side.
7:58 of 2nd period - Henrik Zetterberg wins face-off versus Victor Rask in neutral zone.
9:14 of 2nd period - Snap shot by Jeff Carter.
9:14 of 2nd period - Deflect By Anders Lee.
9:14 of 2nd period - Shot Misses the Net.
9:14 of 2nd period - Puck is out of play.
9:15 of 2nd period - Victor Rask wins face-off versus Henrik Zetterberg in Blackhawks zone.
9:20 of 2nd period - Snap shot by Victor Rask.
9:20 of 2nd period - Stopped by Frederik Andersen without a rebound.
9:21 of 2nd period - Henrik Zetterberg wins face-off versus Victor Rask in Blackhawks zone.
9:49 of 2nd period - Penalty to Chris Kunitz is over, Chris Kunitz is back on ice.
9:56 of 2nd period - Snap shot by Chris Kunitz.
9:56 of 2nd period - Stopped by Curtis McElhinney without a rebound.
9:57 of 2nd period - Brad Richardson wins face-off versus Vladislav Namestnikov in Flames zone.
10:50 of 2nd period - Wrist shot by Henrik Zetterberg.
10:50 of 2nd period - Shot Misses the Net.
11:04 of 2nd period - Backhand shot by Nick Bjugstad.
11:04 of 2nd period - Shot Misses the Net.
11:06 of 2nd period - Snap shot by Tanner Kero.
11:06 of 2nd period - Shot Blocked by Carl Hagelin.
11:08 of 2nd period - Snap shot by Brandon Manning.
11:08 of 2nd period - Deflect By Tanner Kero.
11:08 of 2nd period - Shot Misses the Net.
11:08 of 2nd period - Puck is out of play.
11:09 of 2nd period - David Perron wins face-off versus Henrik Zetterberg in Blackhawks zone.
11:36 of 2nd period - Jeff Carter is hit by Andy Greene and loses puck.
11:53 of 2nd period - Slapshot by Chris Kunitz.
11:53 of 2nd period - Shot Misses the Net.
11:55 of 2nd period - Slapshot by Niklas Hjalmarsson.
11:55 of 2nd period - Shot Blocked by Patrick Sharp.
12:13 of 2nd period - Andy Greene is hit by David Savard.
12:23 of 2nd period - Slapshot by Drew Doughty.
12:23 of 2nd period - Stopped by Frederik Andersen without a rebound.
12:24 of 2nd period - Tanner Kero wins face-off versus Yanni Gourde in Blackhawks zone.
12:56 of 2nd period - Wrist shot by David Perron.
12:56 of 2nd period - Shot Misses the Net.
12:58 of 2nd period - Slapshot by Andrej Sustr.
12:58 of 2nd period - Deflect By Victor Rask.
12:58 of 2nd period - Shot Misses the Net.
12:58 of 2nd period - Puck is out of play.
12:59 of 2nd period - Sam Reinhart wins face-off versus Henrik Zetterberg in Blackhawks zone.
13:14 of 2nd period - Jeff Carter is hit by Henrik Zetterberg and loses puck.
13:29 of 2nd period - Slapshot by Patrick Eaves.
13:29 of 2nd period - Stopped by Frederik Andersen with a rebound.
13:31 of 2nd period - Slapshot by David Savard.
13:31 of 2nd period - Deflect By Vladislav Namestnikov.
13:31 of 2nd period - Stopped by Frederik Andersen with a rebound.
13:33 of 2nd period - Snap shot by Victor Rask.
13:33 of 2nd period - Stopped by Frederik Andersen without a rebound.
13:34 of 2nd period - Henrik Zetterberg wins face-off versus Victor Rask in Blackhawks zone.
13:41 of 2nd period - Snap shot by Henrik Zetterberg.
13:41 of 2nd period - Stopped by Curtis McElhinney without a rebound.
13:42 of 2nd period - Henrik Zetterberg wins face-off versus David Perron in Flames zone.
13:43 of 2nd period - Snap shot by Zach Parise.
13:43 of 2nd period - Stopped by Curtis McElhinney without a rebound.
13:44 of 2nd period - Victor Rask wins face-off versus Henrik Zetterberg in Flames zone.
13:55 of 2nd period - Slapshot by Victor Rask.
13:55 of 2nd period - Shot Blocked by Andrew Shaw.
14:01 of 2nd period - Wrist shot by Henrik Zetterberg.
14:01 of 2nd period - Stopped by Curtis McElhinney without a rebound.
14:02 of 2nd period - Jeff Carter wins face-off versus Vladislav Namestnikov in Flames zone.
14:02 of 2nd period - Jeff Carter is hit by Ryan Ellis.
14:28 of 2nd period - Victor Rask is hit by Ryan Ellis and loses puck.
14:57 of 2nd period - Ryan Ellis is hit by Brad Richardson and loses puck.
15:10 of 2nd period - Yanni Gourde is hit by Brandon Manning and loses puck.
15:27 of 2nd period - Andrei Markov is hit by Victor Rask and loses puck.
15:58 of 2nd period - Backhand shot by Pavel Zacha.
15:58 of 2nd period - Shot Misses the Net.
16:00 of 2nd period - Snap shot by Tanner Kero.
16:00 of 2nd period - Stopped by Frederik Andersen with a rebound.
16:02 of 2nd period - Slapshot by Kevan Miller.
16:02 of 2nd period - Shot Blocked by Niklas Hjalmarsson.
16:16 of 2nd period - Slapshot by Drew Doughty.
16:16 of 2nd period - Stopped by Frederik Andersen without a rebound.
16:17 of 2nd period - Jeff Carter wins face-off versus Johan Larsson in Blackhawks zone.
16:32 of 2nd period - David Savard is hit by Johan Larsson and loses puck.
16:45 of 2nd period - Snap shot by Brett Connolly.
16:45 of 2nd period - Deflect By Chris Kunitz.
16:45 of 2nd period - Stopped by Curtis McElhinney without a rebound.
16:46 of 2nd period - Victor Rask wins face-off versus Andrew Shaw in Flames zone.
17:42 of 2nd period - Wrist shot by Jeff Carter.
17:42 of 2nd period - Stopped by Frederik Andersen without a rebound.
17:43 of 2nd period - Henrik Zetterberg wins face-off versus Victor Rask in Blackhawks zone.
18:02 of 2nd period - Andrei Markov is hit by David Perron and loses puck.
19:52 of 2nd period - Slapshot by Carl Hagelin.
19:52 of 2nd period - Stopped by Curtis McElhinney with a rebound.
19:54 of 2nd period - Snap shot by Sven Andrighetto.
19:54 of 2nd period - Shot Blocked by Victor Hedman.
19:56 of 2nd period - Wrist shot by Vladislav Namestnikov.
19:56 of 2nd period - Shot Misses the Net.
Goals for this period are 1 for Blackhawks vs 1 for Flames.
Shots for this period are 11 for Blackhawks vs 18 for Flames.

3rd period


0:01 of 3rd period - Jeff Carter wins face-off versus Henrik Zetterberg in neutral zone.
0:10 of 3rd period - Snap shot by Jeff Carter.
0:10 of 3rd period - Stopped by Frederik Andersen with a rebound.
0:31 of 3rd period - Snap shot by Sven Andrighetto.
0:31 of 3rd period - Stopped by Curtis McElhinney with a rebound.
0:33 of 3rd period - Snap shot by Andy Greene.
0:33 of 3rd period - Shot Blocked by Patrick Eaves.
0:35 of 3rd period - Wrist shot by Sven Andrighetto.
0:35 of 3rd period - Shot Misses the Net.
1:14 of 3rd period - Snap shot by Yanni Gourde.
1:14 of 3rd period - Stopped by Curtis McElhinney without a rebound.
1:15 of 3rd period - Jeff Carter wins face-off versus Henrik Zetterberg in Flames zone.
2:02 of 3rd period - Andrei Markov is hit by Andrej Sustr and loses puck.
2:29 of 3rd period - Slapshot by Drew Doughty.
2:29 of 3rd period - Stopped by Frederik Andersen without a rebound.
2:30 of 3rd period - Vladislav Namestnikov wins face-off versus Jeff Carter in Blackhawks zone.
2:39 of 3rd period - Anders Lee is hit by Andy Greene and loses puck.
4:28 of 3rd period - Wrist shot by Zach Parise.
4:28 of 3rd period - Deflect By Andrew Shaw.
4:28 of 3rd period - Shot Misses the Net.
4:28 of 3rd period - Puck is out of play.
4:29 of 3rd period - Jeff Carter wins face-off versus Tanner Glass in Flames zone.
4:50 of 3rd period - Slapshot by Andrew Shaw.
4:50 of 3rd period - Goal by Andrew Shaw - Blackhawks : 2 - Flames : 2.
4:51 of 3rd period - Henrik Zetterberg wins face-off versus Victor Rask in neutral zone.
5:04 of 3rd period - Wrist shot by Victor Rask.
5:04 of 3rd period - Stopped by Frederik Andersen without a rebound.
5:05 of 3rd period - Henrik Zetterberg wins face-off versus Jeff Carter in Blackhawks zone.
6:36 of 3rd period - Carl Hagelin is hit by Kevan Miller and loses puck.
7:03 of 3rd period - Michael Frolik is hit by Andy Greene.
7:23 of 3rd period - Minor Penalty to Chris Kunitz for Tripping.
7:24 of 3rd period - Henrik Zetterberg wins face-off versus Jeff Carter in Blackhawks zone.
7:52 of 3rd period - Slapshot by Patrick Eaves.
7:52 of 3rd period - Stopped by Frederik Andersen without a rebound.
7:53 of 3rd period - Henrik Zetterberg wins face-off versus Victor Rask in Blackhawks zone.
9:23 of 3rd period - Penalty to Chris Kunitz is over, Chris Kunitz is back on ice.
9:57 of 3rd period - Snap shot by Patrick Sharp.
9:57 of 3rd period - Shot Misses the Net.
10:13 of 3rd period - Snap shot by Victor Rask.
10:13 of 3rd period - Stopped by Frederik Andersen with a rebound.
10:15 of 3rd period - Wrist shot by Patrick Eaves.
10:15 of 3rd period - Stopped by Frederik Andersen with a rebound.
10:17 of 3rd period - Slapshot by Brandon Manning.
10:17 of 3rd period - Shot Misses the Net.
10:19 of 3rd period - Wrist shot by David Perron.
10:19 of 3rd period - Stopped by Frederik Andersen without a rebound.
10:20 of 3rd period - Vladislav Namestnikov wins face-off versus Victor Rask in Blackhawks zone.
10:45 of 3rd period - Ryan Ellis is hit by Victor Hedman and loses puck.
10:56 of 3rd period - Chris Kunitz is hit by Kevan Miller and loses puck.
11:07 of 3rd period - Andrei Markov is hit by Victor Hedman and loses puck.
11:20 of 3rd period - Slapshot by Andrei Markov.
11:20 of 3rd period - Shot Blocked by Andrej Sustr.
11:59 of 3rd period - Icing by Derek Forbort.
12:00 of 3rd period - Henrik Zetterberg wins face-off versus Jeff Carter in Blackhawks zone.
12:27 of 3rd period - Drew Doughty is hit by Derek Forbort and loses puck.
12:38 of 3rd period - Snap shot by Henrik Zetterberg.
12:38 of 3rd period - Shot Misses the Net.
12:40 of 3rd period - Snap shot by Zach Parise.
12:40 of 3rd period - Stopped by Curtis McElhinney without a rebound.
12:41 of 3rd period - Jeff Carter wins face-off versus Vladislav Namestnikov in Flames zone.
12:51 of 3rd period - Minor Penalty to Brandon Manning for Boarding.
12:52 of 3rd period - Henrik Zetterberg wins face-off versus Brad Richardson in Flames zone.
13:24 of 3rd period - Backhand shot by Andrei Markov.
13:24 of 3rd period - Shot Blocked by Michael Frolik.
13:26 of 3rd period - Slapshot by Andrei Markov.
13:26 of 3rd period - Shot Blocked by Michael Frolik.
13:28 of 3rd period - Snap shot by Carl Hagelin.
13:28 of 3rd period - Shot Blocked by Andrej Sustr.
14:51 of 3rd period - Penalty to Brandon Manning is over, Brandon Manning is back on ice.
15:42 of 3rd period - Wrist shot by Victor Rask.
15:42 of 3rd period - Stopped by Frederik Andersen without a rebound.
15:43 of 3rd period - Jeff Carter wins face-off versus Tanner Glass in Blackhawks zone.
15:44 of 3rd period - Wrist shot by Sam Reinhart.
15:44 of 3rd period - Shot Misses the Net.
15:46 of 3rd period - Slapshot by Brandon Manning.
15:46 of 3rd period - Shot Blocked by Andrei Markov.
16:20 of 3rd period - Snap shot by Jeff Carter.
16:20 of 3rd period - Shot Misses the Net.
16:22 of 3rd period - Snap shot by Sam Reinhart.
16:22 of 3rd period - Shot Misses the Net.
16:24 of 3rd period - Wrist shot by Jeff Carter.
16:24 of 3rd period - Stopped by Frederik Andersen without a rebound.
16:25 of 3rd period - Sam Reinhart wins face-off versus Vladislav Namestnikov in Blackhawks zone.
16:26 of 3rd period - Wrist shot by Jeff Carter.
16:26 of 3rd period - Stopped by Frederik Andersen without a rebound.
16:27 of 3rd period - Vladislav Namestnikov wins face-off versus Jeff Carter in Blackhawks zone.
17:00 of 3rd period - Snap shot by Jeff Carter.
17:00 of 3rd period - Stopped by Frederik Andersen without a rebound.
17:01 of 3rd period - Brad Richardson wins face-off versus Zach Parise in Blackhawks zone.
17:02 of 3rd period - Slapshot by Michael Frolik.
17:02 of 3rd period - Stopped by Frederik Andersen with a rebound.
17:33 of 3rd period - Victor Rask is hit by Andrei Markov and loses puck.
18:34 of 3rd period - Zach Parise is hit by David Perron and loses puck.
18:51 of 3rd period - Slapshot by Johan Larsson.
18:51 of 3rd period - Shot Misses the Net.
18:53 of 3rd period - Wrist shot by Brandon Davidson.
18:53 of 3rd period - Stopped by Curtis McElhinney with a rebound.
18:55 of 3rd period - Snap shot by Derek Forbort.
18:55 of 3rd period - Stopped by Curtis McElhinney with a rebound.
19:33 of 3rd period - Off-side.
19:34 of 3rd period - Tanner Glass wins face-off versus Jeff Carter in neutral zone.
19:37 of 3rd period - Sam Reinhart is hit by Andrei Markov and loses puck.
Goals for this period are 1 for Blackhawks vs 0 for Flames.
Shots for this period are 6 for Blackhawks vs 12 for Flames.

Overtime #1


0:01 of 1st overtime period - Henrik Zetterberg wins face-off versus Jeff Carter in neutral zone.
0:10 of 1st overtime period - Backhand shot by Anders Lee.
0:10 of 1st overtime period - Shot Misses the Net.
0:12 of 1st overtime period - Wrist shot by Anders Lee.
0:12 of 1st overtime period - Shot Blocked by Carl Hagelin.
0:14 of 1st overtime period - Snap shot by Jeff Carter.
0:14 of 1st overtime period - Shot Blocked by Niklas Hjalmarsson.
0:16 of 1st overtime period - Snap shot by Anders Lee.
0:16 of 1st overtime period - Shot Blocked by Carl Hagelin.
0:26 of 1st overtime period - Drew Doughty is hit by Niklas Hjalmarsson.
0:36 of 1st overtime period - Slapshot by Victor Hedman.
0:36 of 1st overtime period - Shot Misses the Net.
1:04 of 1st overtime period - Snap shot by Carl Hagelin.
1:04 of 1st overtime period - Shot Misses the Net.
1:14 of 1st overtime period - Vladislav Namestnikov is hit by Michael Frolik and loses puck.
1:43 of 1st overtime period - Victor Rask is hit by Ryan Ellis and loses puck.
3:00 of 1st overtime period - Icing by Sam Reinhart.
3:01 of 1st overtime period - Jeff Carter wins face-off versus Carl Hagelin in Flames zone.
3:10 of 1st overtime period - Slapshot by Anders Lee.
3:10 of 1st overtime period - Shot Blocked by Andrei Markov.
3:20 of 1st overtime period - Drew Doughty is hit by Henrik Zetterberg.
3:29 of 1st overtime period - Off-side.
3:30 of 1st overtime period - Henrik Zetterberg wins face-off versus Victor Rask in neutral zone.
4:13 of 1st overtime period - Slapshot by Ryan Ellis.
4:13 of 1st overtime period - Stopped by Curtis McElhinney with a rebound.
Goals for this period are 0 for Blackhawks vs 0 for Flames.
Shots for this period are 1 for Blackhawks vs 0 for Flames.

ShootOut


5:00 of 1st overtime period - Penalty Shot by Henrik Zetterberg for Blackhawks.
5:00 of 1st overtime period - Wrist shot by Henrik Zetterberg.
5:00 of 1st overtime period - Stopped by Curtis McElhinney.
5:00 of 1st overtime period - Penalty Shot by Nick Bjugstad for Flames.
5:00 of 1st overtime period - Snap shot by Nick Bjugstad.
5:00 of 1st overtime period - Stopped by Frederik Andersen.
5:00 of 1st overtime period - Penalty Shot by Zach Parise for Blackhawks.
5:00 of 1st overtime period - Backhand shot by Zach Parise.
5:00 of 1st overtime period - Goal by Zach Parise.
5:00 of 1st overtime period - Penalty Shot by Sam Reinhart for Flames.
5:00 of 1st overtime period - Snap shot by Sam Reinhart.
5:00 of 1st overtime period - Goal by Sam Reinhart.
5:00 of 1st overtime period - Penalty Shot by Andrew Shaw for Blackhawks.
5:00 of 1st overtime period - Snap shot by Andrew Shaw.
5:00 of 1st overtime period - Stopped by Curtis McElhinney.
5:00 of 1st overtime period - Penalty Shot by Patrick Eaves for Flames.
5:00 of 1st overtime period - Deke by Patrick Eaves.
5:00 of 1st overtime period - Stopped by Frederik Andersen.
5:00 of 1st overtime period - Penalty Shot by Carl Hagelin for Blackhawks.
5:00 of 1st overtime period - Wrist shot by Carl Hagelin.
5:00 of 1st overtime period - Stopped by Curtis McElhinney.
5:00 of 1st overtime period - Penalty Shot by David Perron for Flames.
5:00 of 1st overtime period - Wrist shot by David Perron.
5:00 of 1st overtime period - Stopped by Frederik Andersen.
5:00 of 1st overtime period - Penalty Shot by Chris Kunitz for Blackhawks.
5:00 of 1st overtime period - Wrist shot by Chris Kunitz.
5:00 of 1st overtime period - Shot Misses the Net.
5:00 of 1st overtime period - Penalty Shot by Jeff Carter for Flames.
5:00 of 1st overtime period - Snap shot by Jeff Carter.
5:00 of 1st overtime period - Goal by Jeff Carter.